 Dungeon Crawl Stone Soup version 0.20.1-1-g8b1a95d (webtiles) character file.

1767 dohliylev the Covert (level 8, -1/60 HPs)
             Began as a Vampire Assassin on July 8, 2017.
             Was a Believer of Dithmenos.
             Slain by a centaur (2 damage)
             ... on level 6 of the Dungeon.
             The game lasted 00:38:07 (6665 turns).

dohliylev the Covert (Vampire Assassin)             Turns: 6665, Time: 00:38:08

Health: -1/60      AC:  0    Str: 10    XL:     8   Next: 80%
Magic:  0/10       EV: 24    Int: 13    God:    Dithmenos [**....]
Gold:   281        SH:  0    Dex: 23    Spells: 5/10 levels left

rFire    . . .     SeeInvis +   (weapon currently unavailable)
rCold    . . .     Gourm    .   (shield currently unavailable)
rNeg     + . .     Faith    .   (armour currently unavailable)
rPois    .         Spirit   .   (helmet currently unavailable)
rElec    .         Reflect  .   (cloak currently unavailable)
rCorr    .         Harm     .   (gloves currently unavailable)
MR       .....                  (boots currently unavailable)
Stlth    +++++++++.             (no amulet)
Regen    0.2/turn               (ring currently unavailable)
MPRegen  0.2/turn               (ring currently unavailable)

@: bat-form, flying, very slightly contaminated, wreathed by umbra, very quick
A: fangs 3, see invisible
a: End Transformation, Shadow Step, Renounce Religion


You were on level 6 of the Dungeon.
You worshipped Dithmenos.
Dithmenos was pleased with you.
You were not thirsty.
You were in vampire-bat-form.
You visited 2 branches of the dungeon, and saw 7 of its levels.

You collected 281 gold pieces.

Inventory:

Hand Weapons
 a - a +0 dagger of venom (melded)
 b - a +0 blowgun
 c - a +2 dagger of electrocution {c}
 i - a +1 vampiric short sword
Missiles
 e - 46 poisoned needles
 f - 2 curare-tipped needles
Armour
 d - a +0 cloak (melded)
 o - a +0 robe (melded)
 G - a +0 helmet (melded)
 M - a +0 pair of boots (melded)
Scrolls
 l - 4 scrolls of identify
 n - 3 scrolls of remove curse
 p - a scroll of recharging {unknown}
 q - a scroll of enchant armour {unknown}
 s - a scroll of immolation {unknown}
 t - a scroll of amnesia {unknown}
 u - a scroll of enchant weapon {unknown}
 v - 2 scrolls of blinking {unknown}
 w - a scroll of noise {unknown}
 B - 5 scrolls of teleportation
 E - a scroll of fear {unknown}
 F - a scroll of magic mapping {unknown}
 J - a scroll of fog {unknown}
Potions
 g - 20 potions of blood
 h - a potion of curing
 j - 2 potions of brilliance {unknown}
 k - a potion of resistance {unknown}
 m - 2 potions of haste
 r - 2 potions of flight {unknown}
 x - a potion of heal wounds {unknown}
 z - a potion of berserk rage {unknown}
 A - a potion of cancellation {unknown}
 C - a potion of agility
 D - a potion of magic {unknown}
 H - a potion of invisibility {unknown}
 K - a potion of might {unknown}
 L - a potion of lignification {unknown}
Books
 y - a book of Minor Magic

   Spells                             Type                      Level
   a - Magic Dart                     Conjuration                  1
   b - Blink                          Translocation                2
   c - Call Imp                       Summoning                    2
   d - Slow                           Hexes                        2
   e - Conjure Flame                  Conjuration/Fire             3
   f - Mephitic Cloud                 Conjuration/Poison/Air       3
 I - a book of Maledictions

   Spells                             Type                      Level
   a - Corona                         Hexes                        1
   b - Ensorcelled Hibernation        Hexes/Ice                    2
   c - Confuse                        Hexes                        3
   d - Tukima's Dance                 Hexes                        3
   e - Dazzling Spray                 Conjuration/Hexes            3


   Skills:
 + Level 4.0 Fighting
 + Level 5.6 Short Blades
 + Level 3.6 Throwing
 + Level 4.9 Dodging
 + Level 11.2 Stealth
 + Level 1.5 Spellcasting
 + Level 0.3 Conjurations
 + Level 2.2 Hexes
 + Level 1.4 Ice Magic
 + Level 0.2 Air Magic


You had 5 spell levels left.
You knew the following spells:

 Your Spells              Type           Power        Failure   Level  Hunger
a - Ensorcelled Hibernat  Hex/Ice        #.....       19%         2    ###....
b - Mephitic Cloud        Conj/Pois/Air  #.......     58%         3    ####...


Dungeon Overview and Level Annotations

Branches:
Dungeon (6/15)             Temple (1/1) D:4

Altars:
Ashenzari
Cheibriados
Dithmenos
Elyvilon
Fedhas
Gozag
Hepliaklqana
Kikubaaqudgha
Makhleb
Nemelex Xobeh
Okawaru
Qazlal
Ru
Sif Muna
Trog
Uskayaw
Vehumet
Xom
Yredelemnul
Zin
The Shining One


Innate Abilities, Weirdness & Mutations

You have razor-sharp teeth.
You have supernaturally acute eyesight. (SInv)
((You can survive without breathing.))


Message History

* * * LOW HITPOINT WARNING * * *
The gnoll hits you but does no damage.
There is a large open door, spattered with blood here.
You see here an arrow.
The centaur unwields an uncursed shortbow.
The centaur hits you but does no damage.
Found a bread ration.
The centaur wields an uncursed shortbow.
The centaur shoots an arrow.
The arrow hits you.
* * * LOW HITPOINT WARNING * * *
You see here 2 arrows.
You turn into a vampire bat.
Your +0 dagger of venom melds into your body.
Your +0 cloak melds into your body.
Your +0 helmet melds into your body.
Your +0 pair of boots melds into your body.
Your +0 robe melds into your body.
Your +0 dagger of venom stops dripping with poison.
The centaur unwields an uncursed shortbow.
The centaur hits you.
You die...

≈≈≈≈≈≈≈≈≈≈≈≈≈≈≈≈≈≈≈≈≈≈≈≈≈≈≈≈≈....
≈≈≈≈≈≈≈≈≈≈≈≈≈≈≈≈≈≈≈≈≈≈#####≈≈....
......................#gg.#≈≈....
#######################...#≈≈P.%.
#'###≈≈.... ####################
#. .≈≈≈....
....#8.§8#.........#%# #.≈≈≈..P.
#8..(..§§'....c....#.# #.≈≈≈....
#8..'.§§§§§..ghb...'.# .≈≈≈....
...#.§§§#§.§......#.# #.≈≈≈....
#.§§§#######''#### #.≈≈≈....
#....# ..... #.≈≈≈.... #....#
...... .≈≈≈.... #....# .....#
##≈≈P...
######[÷''#############.g.#≈≈....
.))..)..).............#.g.#≈≈....
)≈≈≈≈≈....≈≈≈≈≈≈≈≈≈≈≈≈#####≈≈....


You could see a black bear, a centaur and a gnoll.

Vanquished Creatures
  Sigmund (D:3)
  3 sky beasts
  An ogre (D:6)
  A bullfrog (D:6)
  A wyvern zombie (D:6)
  3 scorpions
  3 wights (D:6)
  A centaur skeleton (D:4)
  2 hounds
  A jelly (D:6)
  A bullfrog skeleton (D:5)
  4 orc wizards
  A gnoll shaman (D:6)
  2 iguanas
  2 worker ants
  Natasha (D:3)
  A killer bee zombie (D:5)
  A hound zombie (D:5)
  21 gnolls (D:6)
  3 adders
  A shadow imp (D:5)
  An ooze (D:3)
  An adder skeleton (D:2)
  2 adder zombies
  4 worms
  3 dart slugs (D:1)
  3 leopard geckos
  14 orcs
  7 bats
  4 giant cockroaches
  12 goblins
  11 hobgoblins
  17 jackals
  7 kobolds
  7 quokkas
  A ball python (D:1)
  6 frilled lizards
  A quokka zombie (D:6)
  6 rats
162 creatures vanquished.

Notes
Turn   | Place    | Note
-------+----------+-------------------------------------------
     0 | D:1      | dohliylev the Vampire Assassin began the quest for the Orb.
     0 | D:1      | Reached XP level 1. HP: 16/16 MP: 1/1
    51 | D:1      | Reached skill level 6 in Stealth
    96 | D:1      | Reached XP level 2. HP: 12/22 MP: 2/2
   358 | D:1      | Reached XP level 3. HP: 27/27 MP: 3/3
   364 | D:1      | Reached skill level 7 in Stealth
  1761 | D:2      | Reached XP level 4. HP: 26/33 MP: 4/4
  2491 | D:3      | Reached skill level 8 in Stealth
  2651 | D:3      | Noticed Natasha
  2666 | D:3      | Killed Natasha
  2930 | D:3      | Reached XP level 5. HP: 39/39 MP: 5/5
  3290 | D:3      | Found a burning altar of Makhleb.
  3312 | D:3      | Noticed Sigmund
  3319 | D:3      | Killed Sigmund
  3319 | D:3      | Reached skill level 9 in Stealth
  3319 | D:3      | Reached XP level 6. HP: 47/47 MP: 6/6
  3543 | D:4      | Reached XP level 7. HP: 43/52 MP: 7/7
  3625 | D:4      | Found a staircase to the Ecumenical Temple.
  3638 | Temple   | Entered the Ecumenical Temple
  3807 | Temple   | Became a worshipper of Dithmenos the Shadowed
  4303 | D:5      | Entered Level 5 of the Dungeon
  4320 | D:5      | Reached skill level 10 in Stealth
  4750 | D:5      | Learned a level 2 spell: Ensorcelled Hibernation
  4754 | D:5      | Learned a level 3 spell: Mephitic Cloud
  4841 | D:5      | Reached XP level 8. HP: 58/60 MP: 1/8
  5053 | D:5      | Reached skill level 5 in Short Blades
  5339 | D:6      | Reached * piety under Dithmenos
  5660 | D:6      | Reached skill level 1 in Spellcasting
  5660 | D:6      | Reached skill level 1 in Hexes
  5780 | D:6      | Reached skill level 11 in Stealth
  5795 | D:6      | Reached skill level 1 in Ice Magic
  6467 | D:6      | Reached ** piety under Dithmenos
  6663 | D:6      | HP: 1/60 [centaur/arrow (4)]
  6665 | D:6      | Slain by a centaur

Skill      XL: |  1  2  3  4  5  6  7  8 |
---------------+-------------------------+-----
Stealth        | 6 7 8 9 10 11 | 11.2
Fighting       | 2 3 4 |  4.0
Short Blades   | 3 4 5 |  5.6
Dodging        | 2 3 4 |  4.9
Throwing       | 2 3 |  3.6
Spellcasting   | 1 |  1.5
Hexes          | 2 |  2.2
Ice Magic      | 1 |  1.4
Conjurations   | |  0.3
Air Magic      | |  0.2

Action                   |  1- 3 |  4- 6 |  7- 9 || total
-------------------------+-------+-------+-------++-------
Melee: Dagger            |    98 |    98 |   271 ||   467
       Bite              |    11 |    14 |    39 ||    64
       Short sword       |    10 |    26 |       ||    36
 Fire: Blowgun           |     1 |    16 |    43 ||    60
 Cast: Ensorcelled Hiber |       |       |    17 ||    17
 Abil: Bat Form          |       |     2 |     2 ||     4
       End Transformatio |       |     2 |     1 ||     3
  Use: Scroll            |       |     3 |       ||     3
       Potion            |       |     5 |     3 ||     8
 Stab: Sleeping          |    15 |    16 |    16 ||    47
       Distracted        |       |     1 |       ||     1
  Eat: Corpse            |     1 |     4 |     5 ||    10
Armor: Robe              |    31 |     8 |    32 ||    71
Dodge: Dodged            |    51 |    50 |   183 ||   284
